 Dungeon Crawl Stone Soup version 0.26.0-10-g1f06aea511 (webtiles) character file.

Game seed: 16583279496374375527

10663 Borgoz the Protected (level 11, -1/95 HPs)
             Began as a Ghoul Fighter on Jan 14, 2021.
             Was a Follower of Ashenzari.
             Slain by a seven-headed hydra (4 damage)
             ... on level 11 of the Dungeon.
             The game lasted 00:21:50 (14305 turns).

Borgoz the Protected (Ghoul Fighter)               Turns: 14305, Time: 00:21:51

Health: -1/95      AC: 16    Str: 21    XL:     11   Next: 65%
Magic:  10/10      EV: 10    Int:  9    God:    Ashenzari [*.....]
Gold:   710        SH: 10    Dex: 11    Spells: 10/10 levels left

rFire    . . .     SeeInvis +   a - +5 falchion
rCold    + . .     Faith    .   c - +0 kite shield
rNeg     + + +     Spirit   .   j - +0 scale mail
rPois    ∞         Reflect  .   f - +1 helmet {SInv}
rElec    .         Harm     .   s - +1 cloak
rCorr    .         Rampage  .   B - +0 pair of gloves
Will     .....                  v - +0 pair of boots
Stlth    ..........             (no amulet)
HPRegen  0.00/turn              z - +6 ring of intelligence
MPRegen  0.12/turn              (no ring)

@: no status effects
A: claws 1, cold resistance 1, negative energy resistance 3, inhibited
regeneration, torment resistance, unbreathing
a: Renounce Religion, Curse Item, Scrying


You were on level 11 of the Dungeon.
You worshipped Ashenzari.
Ashenzari was aware of your devotion.
You visited 2 branches of the dungeon, and saw 12 of its levels.

You collected 710 gold pieces.

Inventory:

Hand Weapons
 a - a +5 falchion (weapon)
 b - the +2 double sword "Vienug" {antimagic, Dex+2}
   (You acquired it on level 7 of the Dungeon)

   It reduces the magical energy of the wielder, and disrupts the spells and
   magical abilities of those hit.
   Natural abilities and divine invocations are not affected.
   It affects your dexterity (+2).
 y - a +1 great sword of holy wrath
Armour
 c - a +0 kite shield (worn)
 f - a +1 helmet of see invisible (worn)
 j - a +0 scale mail (worn)
 s - a +1 cloak (worn)
 v - a +0 pair of boots (worn)
 B - a +0 pair of gloves (worn)
Jewellery
 u - the ring "Enofug" {Will+ Str+2 Dex+6}
   (You found it on level 11 of the Dungeon)

   [ring of dexterity]

   It affects your strength (+2).
   It affects your dexterity (+6).
   It affects your willpower, your defense against some magical effects.
 z - a +6 ring of intelligence (left hand)
Wands
 l - a wand of disintegration (29)
 n - a wand of flame (18)
 p - a wand of acid (4)
 x - a wand of digging (5)
 A - a wand of iceblast (19)
Scrolls
 h - a scroll of enchant weapon
 k - 2 scrolls of magic mapping
 m - 3 scrolls of teleportation
 q - 4 scrolls of remove curse
 t - a scroll of fog
 w - 2 scrolls of enchant armour
Potions
 d - a potion of might
 e - 2 potions of resistance
 g - a potion of haste
 i - 4 potions of flight
 r - 3 potions of cancellation


   Skills:
 * Level 8.8 Fighting
 * Level 9.9 Long Blades
 + Level 10.1 Armour
 * Level 4.8 Dodging
 - Level 5.0 Shields


You had 10 spell levels left.
You didn't know any spells.
Your spell library was empty.

Dungeon Overview and Level Annotations

Branches:
Dungeon (11/15)            Temple (1/1) D:7
   Lair: D:8-11         Orc: D:9-12

Altars:
Ashenzari
Cheibriados
Dithmenos
Elyvilon
Fedhas
Gozag
Hepliaklqana
Kikubaaqudgha
Makhleb
Nemelex Xobeh
Okawaru
Qazlal
Ru
Sif Muna
Trog
Uskayaw
Vehumet
Wu Jian
Xom
Yredelemnul
Zin
The Shining One


Innate Abilities, Weirdness & Mutations

You thrive by killing the living.
You are immune to poison.
You have sharp fingernails.
Your flesh is cold resistant. (rC+)
You are immune to negative energy. (rN+++)
You do not regenerate when monsters are visible.
You are immune to unholy pain and torment.
You can survive without breathing.


Message History

As you read the scroll of fear, it crumbles to dust.
You assume a fearsome visage.
The water moccasin looks frightened!
The six-headed hydra resists with almost no effort.
The six-headed hydra misses you.
The six-headed hydra bites you but does no damage. x2
The six-headed hydra bites you!
* * * LOW HITPOINT WARNING * * *
You block the six-headed hydra's attack.
The six-headed hydra bites you but does no damage.
Evoke which item? (* to show all) (? for menu, Esc to quit)
Okay, then.
Okay, then.
You hack one of the six-headed hydra's heads off!
The five-headed hydra grows two more!
You slash the seven-headed hydra!
The seven-headed hydra is severely wounded.
The seven-headed hydra barely misses you.
You block the seven-headed hydra's attack.
The seven-headed hydra bites you but does no damage.
The seven-headed hydra bites you.
You die...

......# #.......# #.# ......#
#....####....#.# ......#
#....#.......#.# ......#
#....#.......#.#
......######....#.......# ######
.>...........S..# ...... ......
#######.........# .... ......
......#.........###'#####........
......# #.......@D...............
....... #.....#####.....## ###...
#...... #.....#...#.†...# #...
#...... #.....#...#.#'### #...
#.?.... #.....'...#.#... #.##
'...... #.....#####.##... #.#
#########............#...$. #.#
...............).....# .... #.#
.....................# .... #.#


You could see a seven-headed hydra (corroded) and a water moccasin (fleeing).

Vanquished Creatures
  Snorg (D:10)
  Pikel (D:6)
  Maurice (D:8)
  A hornet (D:10)
  11 yaks
  A vampire (D:11)
  2 basilisks (D:11)
  2 floating eyes (D:11)
  4 water moccasins
  5 ice beasts
  6 orc warriors
  A black bear (D:10)
  2 sky beasts
  A phantom (D:11)
  2 wolves (D:11)
  5 centaurs
  8 ogres
  3 lemures (D:6)
  2 big kobolds
  5 bullfrogs
  4 scorpions
  10 killer bees (D:10)
  10 wights
  4 howler monkeys
  2 centaur zombies
  A quasit (D:9)
  A bullfrog zombie (D:9)
  2 jellies
  7 hounds
  5 orc priests
  5 orc wizards
  6 iguanas
  2 centaur skeletons
  2 bullfrog skeletons
  7 worker ants
  2 killer bee zombies
  A hound zombie (D:6)
  A howler monkey zombie (D:7)
  2 worker ant zombies
  7 gnolls
  8 adders
  A shadow imp (D:8)
  2 white imps
  An ufetubus (D:5)
  An adder skeleton (D:4)
  6 worms
  5 dart slugs
  6 leopard geckos
  19 orcs
  2 ball pythons
  10 giant cockroaches
  7 goblins
  6 hobgoblins
  8 jackals
  5 quokkas
  7 bats
  3 frilled lizards (D:1)
  20 kobolds
  A quokka skeleton (D:4)
  11 rats
274 creatures vanquished.

Vanquished Creatures (others)
  2 wights (D:8)
  3 fungi (D:11)
  14 plants (D:11)
19 creatures vanquished.

Grand Total: 293 creatures vanquished

Notes
Turn   | Place    | Note
-------+----------+-------------------------------------------
     0 | D:1      | Borgoz the Ghoul Fighter began the quest for the Orb.
     0 | D:1      | Reached XP level 1. HP: 19/19 MP: 0/0
    41 | D:1      | Reached XP level 2. HP: 24/26 MP: 1/1
   186 | D:1      | Reached skill level 3 in Armour
   286 | D:1      | Reached XP level 3. HP: 31/31 MP: 2/2
  1002 | D:2      | Reached XP level 4. HP: 40/40 MP: 3/3
  1446 | D:3      | Noticed a water moccasin
  1463 | D:3      | Killed a water moccasin
  1464 | D:3      | Reached XP level 5. HP: 22/46 MP: 4/4
  2100 | D:4      | Reached skill level 4 in Armour
  2168 | D:4      | Reached XP level 6. HP: 9/52 MP: 5/5
  2847 | D:4      | Noticed a sky beast
  2876 | D:4      | Killed a sky beast
  2877 | D:4      | Reached XP level 7. HP: 28/60 MP: 6/6
  3598 | D:4      | Found a glowing silver altar of Zin.
  3647 | D:5      | Entered Level 5 of the Dungeon
  3872 | D:5      | Reached skill level 5 in Armour
  4352 | D:5      | Reached skill level 5 in Fighting
  4526 | D:5      | Reached skill level 5 in Long Blades
  4526 | D:5      | Reached XP level 8. HP: 46/68 MP: 7/7
  6479 | D:7      | Reached skill level 6 in Armour
  6483 | D:7      | Noticed Pikel
  6893 | D:6      | Reached XP level 9. HP: 52/75 MP: 8/8
  7267 | D:6      | Killed Pikel
  7268 | D:6      | Reached skill level 5 in Shields
  7383 | D:6      | Reached skill level 7 in Armour
  7708 | D:7      | Found a staircase to the Ecumenical Temple.
  7752 | Temple   | Entered the Ecumenical Temple
  7782 | Temple   | Became a worshipper of Ashenzari the Shackled
  8031 | D:7      | Identified a scroll of acquirement
  8031 | D:7      | Acquired the cursed +2 double sword "Vienug" {antimagic,
                  | Dex+2}
  8759 | D:8      | Reached skill level 1 in Dodging
  9055 | D:8      | Noticed Maurice
  9078 | D:8      | Killed Maurice
  9079 | D:8      | Reached XP level 10. HP: 30/86 MP: 9/9
  9906 | D:9      | Reached skill level 8 in Armour
 11783 | D:9      | Reached skill level 9 in Armour
 11855 | D:10     | Entered Level 10 of the Dungeon
 11940 | D:10     | Reached XP level 11. HP: 94/94 MP: 10/10
 12453 | D:10     | Noticed Snorg
 12469 | D:10     | Killed Snorg
 13233 | D:11     | Reached * piety under Ashenzari
 13775 | D:11     | Paralysed by a floating eye for 4 turns
 13783 | D:11     | Paralysed by a floating eye for 2 turns
 13825 | D:11     | Reached skill level 10 in Armour
 14043 | D:11     | Paralysed by a floating eye for 3 turns
 14247 | D:11     | Identified the ring "Enofug" {Will+ Str+2 Dex+6}
 14287 | D:11     | Noticed a six-headed hydra
 14304 | D:11     | HP: 3/95 [six-headed hydra (7)]
 14305 | D:11     | Slain by a seven-headed hydra

Illustrated notes

Levels and vault maps discovered:
D:1:      saegor_arrival_simple_d, layout_loops_ring
D:2:      layout_basic
D:3:      layout_loops_ring
D:4:      layout_basic, kennysheep_little_box
D:5:      layout_loops_cross
D:6:      minmay_spotlight, layout_layer_cave
D:7:      layout_rooms, temple_fountains, grunt_ogre_cave, uniq_pikel
D:8:      layout_basic, hex_large, uniq_maurice
D:9:      layout_basic
D:10:     layout_loops_cross, uniq_snorg
D:11:     layout_irregular_city, minmay_lair_entry_grove, onia_ninara_cookie
Temple:   minmay_crystal_snake_temple

Skill      XL: |  1  2  3  4  5  6  7  8  9 10 11 |
---------------+----------------------------------+-----
Long Blades    | 2 3 4 5 6 7 9 |  9.9
Armour         | 3 4 5 6 7 9 10 | 10.1
Shields        | 3 4 5 |  5.0
Fighting       | 4 5 7 8 |  8.8
Dodging        | 2 3 4 |  4.8

Action                   |  1- 3 |  4- 6 |  7- 9 | 10-12 || total
-------------------------+-------+-------+-------+-------++-------
Melee: Long sword        |   135 |   225 |   269 |       ||   629
       Falchion          |       |       |   179 |   688 ||   867
       Double sword      |       |       |     5 |       ||     5
Throw: Throwing net      |       |     1 |     6 |     1 ||     8
Evoke: Wand              |       |       |       |     3 ||     3
  Use: Potion            |       |     3 |     4 |     2 ||     9
       Scroll            |       |       |    13 |     8 ||    21
 Stab: Held in net/web   |       |       |     1 |       ||     1
Armor: Scale mail        |    67 |    96 |   200 |   336 ||   699
Dodge: Dodged            |    54 |    65 |   156 |   246 ||   521
Block: Kite shield       |    72 |   112 |   254 |   320 ||   758
       Rpst.: Long sword |    13 |    15 |    33 |       ||    61
       Falchion          |       |       |    23 |    66 ||    89
